 Dungeon Crawl Stone Soup version 0.17-a0-1636-g3119f2b (webtiles) character file.

720 urechis the Geomancer (level 7, -6/55 HPs)
             Began as a Deep Dwarf Earth Elementalist on Aug 5, 2015.
             Was a Follower of Makhleb.
             Shot with an arrow by a centaur (16 damage)
             ... on level 7 of the Dungeon.
             The game lasted 00:16:52 (3950 turns).

urechis the Geomancer (DDEE)                        Turns: 3950, Time: 00:16:52

Health: -6/55      AC:  3    Str: 12    XL:     7   Next: 42%
Magic:  13/13      EV: 12    Int: 17    God:    Makhleb [*.....]
Gold:   242        SH:  0    Dex: 13    Spells: 2 memorised, 11 levels left

rFire  + . .     SeeInvis .     a - 91 stones
rCold  . . .     Clarity  .     m - +0 robe
rNeg   + . .     SustAt   .     (no shield)
rPois  .         Gourm    .     (no helmet)
rElec  .         Spirit   .     (no cloak)
rCorr  .         Warding  .     y - +0 pair of gloves
rMut   .         Stasis   .     (no boots)
MR     +....                    (no amulet)
Stlth  ++........               v - ring of positive energy
                                r - ring of protection from fire

@: non-regenerating, somewhat resistant to hostile enchantments, unstealthy
A: damage resistance, recharge devices, sense surroundings 1, slow healing 3
a: Device Recharging, Renounce Religion


You were on level 7 of the Dungeon.
You worshipped Makhleb.
Makhleb was aware of your devotion.
You were not hungry.

You visited 1 branch of the dungeon, and saw 6 of its levels.

You collected 269 gold pieces.
You spent 27 gold pieces at shops.

Inventory:

Hand weapons
 b - a +0 flail of protection
Missiles
 a - 91 stones (in hand)
Armour
 m - a +0 robe (worn)
 y - a +0 pair of gloves (worn)
Jewellery
 r - a ring of protection from fire (left hand)
 v - a ring of positive energy (right hand)
Magical devices
 d - a wand of heal wounds (3)
 t - a wand of random effects (15)
Scrolls
 f - 4 scrolls of identify {unknown}
 g - 5 scrolls of teleportation
 j - 2 scrolls of enchant weapon {unknown}
 l - a scroll of magic mapping {unknown}
 o - 4 scrolls of remove curse
 s - 2 scrolls of fear {unknown}
 z - 2 scrolls of random uselessness {unknown}
 A - a scroll of enchant armour {unknown}
 C - 2 scrolls of noise {unknown}
Potions
 h - a potion of brilliance {unknown}
 i - a potion of haste {unknown}
 n - 2 potions of heal wounds {unknown}
 p - 2 potions of magic {unknown}
 q - a potion of cancellation {unknown}
 w - a potion of curing {unknown}
 x - a potion of lignification {unknown}
 D - a potion of invisibility {unknown}
 F - a potion of degeneration {unknown}
Books
 c - a book of Geomancy

   Spells                             Type                      Level
   a - Sandblast                      Earth                        1
   b - Stoneskin                      Transmutation/Earth          2
   c - Passwall                       Transmutation/Earth          3
   d - Stone Arrow                    Conjuration/Earth            3
   e - Petrify                        Transmutation/Earth          4
   f - Lee's Rapid Deconstruction     Earth                        5
Comestibles
 e - 6 bread rations
 k - 2 beef jerkies
 u - 9 fruits
 B - a royal jelly
 E - a chunk of flesh


   Skills:
 - Level 2.1 Dodging
 - Level 2.4 Stealth
 - Level 4.0 Spellcasting
 - Level 0.8 Transmutations
 + Level 9.9 Earth Magic


You had 11 spell levels left.
You knew the following spells:

 Your Spells              Type           Power        Failure   Level  Hunger
a - Sandblast             Erth           #####.       1%          1    None
b - Stoneskin             Trmt/Erth      ###.....     2%          2    ##.....


Dungeon Overview and Level Annotations

Branches:
Dungeon (7/15)
 Temple: D:4-7

Altars:
Ashenzari
Makhleb
Okawaru
Zin

Shops:
D:4 *


Innate Abilities, Weirdness & Mutations

You are resistant to damage.
You can recharge devices by infusing magical energy.
You passively map a small area around you.
You do not heal naturally.


Message History

That item cannot be evoked!
Eat one of 2 chunks of flesh? (ye/n/q/i?) This raw flesh tastes terrible.
You continue eating. x2
You enter the shallow water.
Moving in this stuff is going to be slow.
Things that are here:
a hand axe; an orc corpse
Things that are here:
a war axe; a ring mail; an orc corpse
Things that are here:
a hand axe; an orc corpse A centaur comes into view.
You see here a trident.
The centaur shouts!
The centaur wields a shortbow.
The centaur shoots an arrow.
The arrow hits you!
* * * LOW HITPOINT WARNING * * *
You see here an arrow.
The centaur shoots an arrow.
The arrow hits you!
You die...

* * .#......##
###........##
, .........c..
#...!.>... * *
#....c.. ,
...... *
##..###
##..(@.##
##..)....## *
###...≈)≈...#
......≈≈)≈≈..#
###...≈≈♣≈≈..#
, ,
.....≈≈≈≈≈..#
###♣...≈≈≈...♣
♣♣.......♣♣ ,
♣♣.....♣♣


You could see a centaur.

Vanquished Creatures
  An ogre (D:3)
  2 crimson imps (D:5)
  2 giant frog zombies (D:5)
  2 orc priests (D:7)
  5 hounds
  2 orc wizards (D:5)
  3 worker ants
  2 hound skeletons
  5 adders
  An adder skeleton (D:4)
  3 giant geckos
  8 orcs
  11 bats
  4 giant cockroaches
  10 hobgoblins
  11 jackals
  11 kobolds
  2 ball pythons
  A giant gecko skeleton (D:3)
  3 giant newts
  9 goblins
  3 quokkas (D:2)
  A quokka skeleton (D:4)
  9 rats
111 creatures vanquished.

Notes
Turn   | Place    | Note
--------------------------------------------------------------
     0 | D:1      | urechis the Deep Dwarf Earth Elementalist began the quest for the Orb.
     0 | D:1      | Reached XP level 1. HP: 15/15 MP: 3/3
   310 | D:1      | Reached XP level 2. HP: 22/22 MP: 3/5
   920 | D:1      | Reached XP level 3. HP: 15/28 MP: 4/6
  1362 | D:2      | Found an iron altar of Okawaru.
  1464 | D:2      | Reached skill level 5 in Earth Magic
  1677 | D:2      | Reached XP level 4. HP: 24/36 MP: 3/8
  1729 | D:2      | Found a burning altar of Makhleb.
  1734 | D:2      | Became a worshipper of Makhleb the Destroyer
  1786 | D:2      | Learned a level 2 spell: Stoneskin
  2141 | D:3      | Noticed an ogre
  2150 | D:3      | Killed an ogre
  2150 | D:3      | Reached skill level 6 in Earth Magic
  2150 | D:3      | Reached XP level 5. HP: 29/42 MP: 4/10
  2977 | D:4      | Reached XP level 6. HP: 33/49 MP: 9/12
  3096 | D:4      | Acquired Makhleb's first power
  3096 | D:4      | Reached skill level 7 in Earth Magic
  3112 | D:4      | Found a glowing silver altar of Zin.
  3200 | D:4      | Found a shattered altar of Ashenzari.
  3416 | D:4      | Found Osuoll's General Store.
  3419 | D:4      | Bought 7 stones for 7 gold pieces
  3419 | D:4      | Bought 20 stones for 20 gold pieces
  3499 | D:5      | Entered Level 5 of the Dungeon
  3501 | D:5      | Reached skill level 8 in Earth Magic
  3657 | D:5      | Reached XP level 7. HP: 42/55 MP: 7/13
  3740 | D:5      | Reached skill level 9 in Earth Magic
  3856 | D:5      | You fall through a shaft for 2 floors!
  3950 | D:7      | Shot with an arrow by a centaur

Vault maps used:
D:1:      erik_arrival_triangle_medium, minmay_quantized
D:2:      lightli_temple_of_fire, okawaru_gym_becter
D:3:      first_bread
D:4:      zin_treasury, serial_shops, kennysheep_mini, evilmike_ruin_ashenzari
D:7:      elyvilon_altar_3, minmay_temple_entry_mist, serial_shops, shop

Action                   |  1- 3 |  4- 6 |  7- 9 || total
-------------------------+-------+-------+-------++-------
Melee: Mace              |    11 |    13 |       ||    24
 Cast: Sandblast         |    79 |    80 |    20 ||   179
Evoke: Wand              |     1 |     1 |       ||     2
  Use: Scroll            |       |     2 |       ||     2
  Eat: Chunk             |     3 |     6 |     1 ||    10
